 Dungeon Crawl Stone Soup version 0.31.0-1-g2c135a008e (webtiles) character file.

Game seed: 6684050727342279453

96 qw the Shooter (level 4, -2/35 HPs)
             Began as a Djinni Hunter on Jan 23, 2024.
             Killed by divine providence
             ... invoked by an orc priest
              (13 damage)
             ... on level 4 of the Dungeon.
             The game lasted 00:00:08 (2336 turns).

qw the Shooter (Djinni Hunter)                      Turns: 2336, Time: 00:00:08

Health: -2/35      AC:  5    Str: 10    XL:     4   Next: 98%
Gold:   176        EV: 11    Int: 10    God:
                   SH:  0    Dex: 19

rFire   + + .        a - +0 shortbow
rCold   x . .        (shield currently unavailable)
rNeg    . . .        h - +0 ring mail
rPois   inf          (no helmet)
rElec   .            (no cloak)
rCorr   .            (no gloves)
SInv    .            (boots unavailable)
Will    .....        (no amulet)
Stlth   +            (no ring)
HPRegen 0.25/turn    (no ring)
MPRegen 0.00/turn

%: infuse magic (-3 HP)
@: flying
A: sickness immunity, fire resistance 2, cold vulnerability 1, float, innate
caster, HP casting, extra vitality 1
a: no special abilities


You were on level 4 of the Dungeon.
You visited 1 branch of the dungeon, and saw 4 of its levels.

You collected 176 gold pieces.


Innate Abilities, Weirdness & Mutations

You are immune to sickness and miasma.
You are immune to poison.
Your flesh is very heat resistant. (rF++)
You are vulnerable to cold. (rC-)
You float through the air rather than walking.
You learn spells naturally, not from books.
Your magical power is your life essence.
You have superior vitality. (+4 MHP)


   Skills:
 - Level 3.2 Fighting
 + Level 4.1 Ranged Weapons
 - Level 1.0 Armour
 - Level 2.3 Dodging
 - Level 0.7 Stealth


You knew the following spells:

 Your Spells              Type           Power      Damage    Failure   Level
a - Sting                 Conj/Alch      0%         1d3       67%         1
Your spell library was empty.

Inventory:

Hand Weapons
 a - a +0 shortbow (weapon)
Armour
 h - a +0 ring mail (worn)
Scrolls
 c - 3 scrolls of identify
Potions
 f - a potion of curing

Dungeon Overview and Level Annotations

Branches:
Dungeon (4/15)
 Temple: D:4-7

Altars:
Fedhas
Hepliaklqana
Yredelemnul

Shops:
D:1 (!=!

Annotations:
D:2 1 runed translucent door, Crazy Yiuf
D:4 1 runed translucent door


Message History

There is a stone staircase leading down here.
Found a stone staircase leading up.
A ball python comes into view.
You shoot an arrow.
The arrow hits the ball python but does no damage.
The ball python hisses angrily.
The ball python closely misses you. The ball python barely misses you.
You shoot an arrow.
The arrow barely misses the ball python.
The ball python bites you but does no damage.
The ball python grabs you. The ball python constricts you.
You shoot an arrow. The arrow hits the ball python.
You kill the ball python! 2 orc priests come into view.
Found a scroll of teleportation.
The orc priest shouts!
You shoot an arrow. The arrow hits the orc priest.
The orc priest is lightly wounded.
An orc wizard comes into view. It is wielding a +0 dagger.
The orc priest begins to cast a cantrip, but forgets the words!
You shoot an arrow. The orc wizard shouts!
The arrow hits the orc priest.
The orc priest is heavily wounded.
The orc priest mumbles some strange prayers to Beogh against you.
Pain shoots through your body!
You shoot an arrow. The arrow barely misses the orc priest.
You shoot an arrow.
The arrow hits the orc priest but does no damage.
The orc priest is heavily wounded.
The orc wizard mumbles some strange words.
The orc wizard flickers and vanishes!
Deactivating autopickup; reactivate with Ctrl-A.
The orc priest invokes the aid of Beogh against you.
Beogh smites you!
You shoot an arrow.
The arrow hits the orc priest but does no damage.
The orc priest mumbles some strange prayers to Beogh against you.
Beogh smites you!
You die...

#####.##.##.#
#.........#.#
..#######.#.#
#.#.# #.#.#
#.%.# #...#
#..## #@##
.....?o.#
......o##
.######


You could see 2 orc priests.

Vanquished Creatures
  Terence (D:2)
  2 adders
  A dart slug (D:3)
  A ribbon worm (D:3)
  2 bats (D:1)
  6 endoplasms
  5 giant cockroaches
  6 hobgoblins
  4 kobolds
  3 quokkas
  4 ball pythons
  3 frilled lizards
  2 goblins
  7 rats
47 creatures vanquished.

Notes
Turn   | Place    | Note
-------+----------+-------------------------------------------
     0 | D:1      | qw the Djinni Hunter began the quest for the Orb.
     0 | D:1      | Reached XP level 1. HP: 18/18 MP: 0/0
     0 | D:1      | 0 ||| qw: Version: 0.3-a-135-gb77e89d
     0 | D:1      | 0 ||| qw: Game counter: 961
     0 | D:1      | 0 ||| qw: Melee chars always use a shield: true
     0 | D:1      | 0 ||| qw: God list: Okawaru
     0 | D:1      | 0 ||| qw: Allow faded altars: false
     0 | D:1      | 0 ||| qw: Do Orc after clearing Dungeon:15 true
     0 | D:1      | 0 ||| qw: Do second Lair branch before Depths: true
     0 | D:1      | 0 ||| qw: Lair rune preference: random
     0 | D:1      | 0 ||| qw: Goals: Normal
     0 | D:1      | 0 ||| PLANNING D:1-11
    22 | D:1      | Found Meokhlud's Weapon Boutique.
   123 | D:1      | Found Camenueff's Jewellery Shoppe.
   128 | D:1      | Found a faded altar of an unknown god.
   132 | D:1      | 132 ||| SHOPLISTING +4 ring of protection (432 gold, have
                  | 12).
   132 | D:1      | 132 ||| SHOPLISTING +6 ring of dexterity (432 gold, have
                  | 12).
   132 | D:1      | 132 ||| SHOPLISTING ring of ice (300 gold, have 12).
   132 | D:1      | 132 ||| SHOPLISTING ring of positive energy (240 gold, have
                  | 12).
   132 | D:1      | 132 ||| SHOPLISTING ring of see invisible (180 gold, have
                  | 12).
   179 | D:1      | Reached XP level 2. HP: 22/23 MP: 0/0
   207 | D:1      | Found Dassosol's Distillery.
   222 | D:1      | 222 ||| SHOPLISTING potion of curing (39 gold, have 26).
   222 | D:1      | 222 ||| SHOPLISTING potion of enlightenment (65 gold, have
                  | 26).
   222 | D:1      | 222 ||| SHOPLISTING potion of haste (130 gold, have 26).
   222 | D:1      | 222 ||| SHOPLISTING potion of mutation (104 gold, have 26).
   275 | D:1      | Found Daseg's Distillery.
   357 | D:1      | 357 ||| SHOPLISTING potion of haste (130 gold, have 37).
   357 | D:1      | 357 ||| SHOPLISTING potion of heal wounds (65 gold, have
                  | 37).
   357 | D:1      | 357 ||| SHOPLISTING potion of mutation (104 gold, have 37).
   357 | D:1      | 357 ||| SHOPLISTING potion of resistance (130 gold, have
                  | 37).
   376 | D:1      | Reached XP level 3. HP: 28/28 MP: 0/0
   376 | D:1      | Learned a level 1 spell: Sting
   384 | D:1      | Reached skill level 4 in Ranged Weapons
   566 | D:1      | 566 ||| READING scroll labelled PILOFE VIAF.
   667 | D:1      | 667 ||| READING 2 scrolls labelled TIPIOL FIUDGH.
   668 | D:1      | 668 ||| DROPPING scroll of butterflies.
   962 | D:2      | Noticed Terence
   968 | D:2      | Killed Terence
   969 | D:2      | Reached skill level 3 in Fighting
   969 | D:2      | Reached XP level 4. HP: 22/35 MP: 0/0
  1235 | D:2      | Found a runed translucent door.
  1236 | D:2      | Noticed Crazy Yiuf
  1481 | D:2      | 1481 ||| UPGRADING to +0 ring mail.
  1491 | D:2      | 1491 ||| DROPPING +0 leather armour.
  1492 | D:2      | 1492 ||| READING 2 scrolls of identify.
  1492 | D:2      | 1492 ||| IDENTIFYING fizzy clear potion
  1493 | D:2      | 1493 ||| READING scroll of identify.
  1493 | D:2      | 1493 ||| IDENTIFYING silvery potion
  1494 | D:2      | 1494 ||| READING scroll labelled OTICLAITWI.
  1547 | D:2      | 1547 ||| READING scroll labelled ETAMPI NEJE.
  1548 | D:2      | 1548 ||| READING scroll labelled HAJOJ CAOGIRUTT.
  1649 | D:2      | 1649 ||| DROPPING potion of berserk rage.
  1696 | D:3      | Found a basalt altar of Yredelemnul.
  1702 | D:3      | Found a hazy altar of Hepliaklqana.
  1721 | D:3      | Found a blossoming altar of Fedhas.
  1737 | D:3      | Reached skill level 1 in Armour
  2207 | D:3      | 2207 ||| READING 5 scrolls of identify.
  2207 | D:3      | 2207 ||| IDENTIFYING sapphire potion
  2208 | D:3      | 2208 ||| READING 4 scrolls of identify.
  2208 | D:3      | 2208 ||| IDENTIFYING scroll labelled ZYKACY CYXZAI
  2209 | D:3      | 2209 ||| READING 3 scrolls of identify.
  2209 | D:3      | 2209 ||| IDENTIFYING scroll labelled TEODOGEUSOL
  2210 | D:3      | 2210 ||| DROPPING scroll of amnesia.
  2211 | D:3      | 2211 ||| DROPPING scroll of revelation.
  2212 | D:3      | 2212 ||| DROPPING potion of magic.
  2276 | D:4      | Found a runed translucent door.
  2336 | D:4      | Killed from afar by an orc priest

Levels and vault maps discovered:
D:1:      tarquinn_simple_flora_water_f, layout_basic, serial_shops,
          nicolae_diamond_shop, shop, shop, shop,
          chequers_ecumenical_altar_simple, serial_forest,
          infiniplex_forest_end_2, infiniplex_forest_end_1,
          infiniplex_forest_straight_2, infiniplex_forest_clump_small,
          infiniplex_forest_end_1, infiniplex_forest_clump_tiny,
          infiniplex_forest_corner_2, infiniplex_forest_end_2,
          infiniplex_forest_corner_1
D:2:      layout_loops_ring, glass_columns_a, minmay_tromino_i2,
          uniq_crazy_yiuf_cottage, uniq_terence
D:3:      layout_basic, grunt_temple_overflow_open, minivault_26
D:4:      layout_loops_ring, minmay_temple_entry_grid, ebering_ghost_sewer_f

Skill      XL: |  1  2  3  4 |
---------------+-------------+-----
Ranged Weapons | 4 |  4.1
Fighting       | 3 |  3.2
Armour         | 1 |  1.0
Dodging        | |  2.3
Stealth        | |  0.7

Action                     |  1- 3 |  4- 6 || total
---------------------------+-------+-------++-------
   Fire: Shortbow          |    84 |    66 ||   150
    Use: Scroll            |     2 |     8 ||    10
 Armour: Leather armour    |    20 |     2 ||    22
         Ring mail         |       |     8 ||     8
  Dodge: Dodged            |    20 |    15 ||    35

Table legend:
 A = Non-vault XP
 B = Vault XP
 C = Vault XP percentage of total XP
 D = Non-vault monster count
 E = Vault monster count
 F = Vault count percentage of total count
                 A         B        C        D         E       F
            +---------+---------+-------+---------+---------+-------
      Total |     101 |      37 |  26.8 |      45 |       2 |   4.3
            +---------+---------+-------+---------+---------+-------
        D:1 |      33 |       0 |   0.0 |      19 |       0 |   0.0
        D:2 |      25 |      37 |  59.7 |      10 |       2 |  16.7
        D:3 |      41 |       0 |   0.0 |      14 |       0 |   0.0
        D:4 |       2 |       0 |   0.0 |       2 |       0 |   0.0
            +---------+---------+-------+---------+---------+-------
